 Dungeon Crawl Stone Soup version 0.26-b1-32-g5d43845318 (webtiles) character file.

Game seed: 5971433626969154643

149 MisterFreud the Skirmisher (level 5, -1/50 HPs)
             Began as a Minotaur Artificer on Jan 11, 2021.
             Slain by Sigmund
             ... wielding a +6 vampiric scythe
              (5 damage)
             ... on level 2 of the Dungeon.
             The game lasted 00:02:30 (1946 turns).

MisterFreud the Skirmisher (Minotaur Artificer)     Turns: 1946, Time: 00:02:32

Health: -1/50      AC:  3    Str: 17    XL:     5   Next: 9%
Magic:  0/4        EV: 11    Int:  8    God:
Gold:   48         SH:  0    Dex: 11    Spells: 4/4 levels left

rFire    . . .     SeeInvis .   k - +0 hand axe
rCold    . . .     Faith    .   (no shield)
rNeg     . . .     Spirit   +   b - +0 leather armour
rPois    .         Reflect  .   (helmet restricted)
rElec    .         Harm     .   (no cloak)
rCorr    .         Rampage  .   (no gloves)
Will     .....                  (no boots)
Stlth    +.........             f - amulet of guardian spirit
HPRegen  0.16/turn              g - ring of flight
MPRegen  0.09/turn              (no ring)

@: no status effects
A: retaliatory headbutt, horns 2
a: Evoke Flight


You were on level 2 of the Dungeon.
You visited 1 branch of the dungeon, and saw 2 of its levels.

You collected 48 gold pieces.

Inventory:

Hand Weapons
 a - a +0 club
 k - a +0 hand axe (weapon)
Armour
 b - a +0 leather armour (worn)
Jewellery
 f - an amulet of guardian spirit (around neck)
 g - a ring of flight (left hand)
Wands
 c - a wand of flame (15) (quivered)
 d - a wand of enslavement (14)
 e - a wand of random effects (15)
Scrolls
 h - a scroll of identify {unknown}
 i - 2 scrolls of remove curse {unknown}
 j - a scroll of magic mapping {unknown}
Potions
 l - a potion of might


   Skills:
 - Level 6.0 Fighting
 - Level 2.4 Armour
 + Level 1.2 Dodging
 - Level 0.7 Stealth
 + Level 2.7 Evocations


You had 4 spell levels left.
You didn't know any spells.
Your spell library was empty.

Dungeon Overview and Level Annotations

Branches:
Dungeon (2/15)

Altars:

Annotations:
D:2 Sigmund


Innate Abilities, Weirdness & Mutations

You reflexively headbutt those who attack you in melee.
You have a pair of horns on your head.


Message History

Unknown command.
You hit Sigmund.
Sigmund is lightly wounded.
You hit the kobold but do no damage. The kobold misses you.
Sigmund closely misses you.
Unknown command.
You hit Sigmund.
Sigmund is lightly wounded.
You closely miss the kobold. The kobold hits you with a +0 whip.
* * * LOW HITPOINT WARNING * * *
Unknown command.
Unknown command.
Unknown command.
Evoke which item? (* to show all) (? for menu, Esc to quit)
Aiming: Enslavement
Press: ? - help, Shift-Dir - straight line, f - Sigmund
Aim: Sigmund, wielding a +6 vampiric scythe and wearing a +0 robe (lightly wounded, strong, chance to affect: 62%) Sigmund resists with significant effort.
Sigmund hits you with a +6 vampiric scythe.
You die...

#......#
#.##..#........
########
#####.#.#########
.....#...#
##+###(#####.#
#.....†.####.#
###
#.......')..(#
#..
#.....†?####.#
#.# #...†.### ###
#.# #..@..# #.#
#.@K..# ######.#
#.......#
#<((.).#
##......#
######## #.#.####
#... #... ...


You could see Sigmund (strong) and a kobold.

Vanquished Creatures
  A centaur (D:2)
  An adder (D:2)
  An ooze (D:1)
  A worm (D:2)
  4 dart slugs (D:1)
  A leopard gecko (D:1)
  3 orcs (D:2)
  2 giant cockroaches (D:1)
  4 goblins (D:1)
  4 hobgoblins (D:1)
  4 jackals (D:1)
  A ball python (D:1)
  5 bats
  2 frilled lizards
  3 kobolds
  4 rats
41 creatures vanquished.

Notes
Turn   | Place    | Note
-------+----------+-------------------------------------------
     0 | D:1      | MisterFreud the Minotaur Artificer began the quest for the
                  | Orb.
     0 | D:1      | Reached XP level 1. HP: 16/16 MP: 0/0
    27 | D:1      | Reached skill level 2 in Fighting
   322 | D:1      | Reached XP level 2. HP: 25/25 MP: 1/1
   440 | D:1      | Reached skill level 3 in Fighting
   841 | D:1      | Reached XP level 3. HP: 32/33 MP: 2/2
   998 | D:1      | Reached skill level 4 in Fighting
  1430 | D:2      | Noticed Sigmund
  1482 | D:2      | Noticed a centaur
  1489 | D:2      | Killed a centaur
  1490 | D:2      | Reached skill level 5 in Fighting
  1490 | D:2      | Reached XP level 4. HP: 13/44 MP: 1/3
  1780 | D:2      | Reached XP level 5. HP: 23/50 MP: 2/4
  1859 | D:2      | Reached skill level 6 in Fighting
  1946 | D:2      | Slain by Sigmund

Illustrated notes

Levels and vault maps discovered:
D:1:      lightli_arrival_statue_moat, layout_loops_ring
D:2:      layout_basic, kennysheep_vampire_church,
          chequers_ecumenical_altar_twisty, uniq_robin, uniq_sigmund

Skill      XL: |  1  2  3  4  5 |
---------------+----------------+-----
Fighting       | 2 3 5 6 |  6.0
Armour         | |  2.4
Dodging        | |  1.2
Stealth        | |  0.7
Evocations     | |  2.7

Action                   |  1- 3 |  4- 6 || total
-------------------------+-------+-------++-------
Melee: Club              |    52 |       ||    52
       Headbutt          |    14 |     7 ||    21
       Hand axe          |    28 |    31 ||    59
Evoke: Wand              |       |     1 ||     1
 Stab: Sleeping          |     2 |       ||     2
Armor: Leather armour    |    26 |     2 ||    28
Dodge: Dodged            |    72 |    19 ||    91
